 Dungeon Sprint DCSS version 0.17-a0-1793-gcbb3aa1 (webtiles) character file.

33622 pipel the Stormcaller (level 13, 0/96 HPs)
             Began as a Tengu Air Elementalist on Sept 9, 2015.
             Was the Champion of Sif Muna.
             Killed by chain lightning (3 damage)
             ... in the Dungeon (Sprint IX: "|||||||||||||||||||||||||||||").
             The game lasted 00:35:22 (4272 turns).

pipel the Stormcaller (Tengu Air Elementalist)      Turns: 4272, Time: 00:35:23

Health: 0/96       AC: 10    Str: 11    XL:     13   Next: 72%
Magic:  13/41      EV: 23    Int: 22    God:    Sif Muna [******]
Gold:   371        SH:  0    Dex: 14    Spells: 9 memorised, 6 levels left

rFire  + . .     SeeInvis .     a - +9 quarterstaff "Ocaprof" {flame, rF+ MR+ MP+9 Stlth-}
rCold  . . .     Clarity  .     I - +1 robe {Archmagi}
rNeg   + . .     SustAt   .     (no shield)
rPois  +         Gourm    .     L - +1 hat
rElec  .         Spirit   .     R - +1 cloak {rPois}
rCorr  .         Warding  +     (no gloves)
rMut   .         NoTele   +     (boots unavailable)
MR     +....                    X - brooch of Shielding {Ward rN+ AC+4 EV+4}
Stlth  +.........               P - ring of poison resistance
                                r - +3 ring of intelligence

@: repel missiles, somewhat resistant to hostile enchantments, very unstealthy
A: beak, talons 3, able to fly 1
a: Fly, Channel Energy, Forget Spell, Renounce Religion


You were in the Dungeon.
You worshipped Sif Muna.
Sif Muna was exalted by your worship.
You were very hungry.

You visited 1 branch You collected 1911 gold pieces.
You spent 1540 gold pieces at shops.

Inventory:

Hand weapons
 a - the +9 quarterstaff "Ocaprof" (weapon) {flame, rF+ MR+ MP+9 Stlth-}
   (You bought it in a shop in the Dungeon)

   It has been specially enchanted to burn those struck by it, causing extra
   injury to most foes and up to half again as much damage against particularly
   susceptible opponents.
   It protects you from fire.
   It affects your resistance to hostile enchantments.
   It affects your magic capacity (+9).
   It makes you less stealthy.
 j - a +0 club
 w - a +1 flail of holy wrath
 K - a +2 rapier of draining
Missiles
 V - 2 throwing nets (quivered)
Armour
 o - a +0 robe
 p - a +0 helmet
 q - a +1 chain mail
 G - a +0 pair of boots
 I - a +1 robe of the Archmagi (worn)
 J - a +2 robe of magic resistance
 L - a +1 hat (worn)
 M - a +1 leather armour of cold resistance
 R - a +1 cloak of poison resistance (worn)
 S - a +1 large shield
Magical staves
 b - an uncursed staff of energy
Jewellery
 r - a +3 ring of intelligence (left hand)
 s - a +3 ring of strength
 N - a +3 ring of evasion
 O - an uncursed ring of ice
 P - a ring of poison resistance (right hand)
 Q - an uncursed ring of protection from fire
 W - an uncursed amulet of the gourmand
 X - the brooch of Shielding (around neck) {Ward rN+ AC+4 EV+4}
   (You bought it in a shop in the Dungeon)

   [amulet of warding]

   It may prevent the melee attacks of summoned creatures.
   It affects your AC (+4).
   It affects your evasion (+4).
   It protects you from negative energy.
 Y - an uncursed amulet of regeneration
Magical devices
 m - a wand of cold (3)
Scrolls
 i - 2 scrolls of blinking
 k - 5 scrolls of remove curse
 l - 2 scrolls of amnesia
 x - 3 scrolls of fog
 y - 4 scrolls of fear
Potions
 d - 5 potions of curing
 e - 4 potions of heal wounds
 f - 3 potions of haste
 g - 3 potions of magic
 h - a potion of invisibility
 t - a potion of resistance
 u - 2 potions of agility
 v - 2 potions of berserk rage
 T - a potion of might
Comestibles
 D - 39 fruits
 E - 8 bread rations
 F - 11 meat rations


   Skills:
 + Level 17.2 Fighting
 + Level 11.3 Dodging
 - Level 2.0 Stealth
 + Level 14.7 Spellcasting
 + Level 20.9 Conjurations
 - Level 7.0 Ice Magic
 + Level 20.9 Air Magic


You had 6 spell levels left.
You knew the following spells:

 Your Spells              Type           Power        Failure   Level  Hunger
a - Shock                 Conj/Air       ####         0%          1    None
b - Lightning Bolt        Conj/Air       ########..   1%          5    ###....
c - Sticky Flame          Conj/Fire      #######.     1%          4    None
d - Static Discharge      Conj/Air       ########     0%          3    None
f - Freezing Cloud        Conj/Ice/Air   #######...   1%          6    #####..
g - Iskenderun's Mystic   Conj           ########     0%          4    None
l - Chain Lightning       Conj/Air       ########..   6%          8    #######
r - Repel Missiles        Chrm/Air       ######       1%          2    None
s - Swiftness             Chrm/Air       #######.     1%          2    None


Dungeon Overview and Level Annotations

Branches:
Dungeon (1/1)

Altars:
Cheibriados
Dithmenos
Elyvilon
Fedhas
Gozag
Kikubaaqudgha
Makhleb
Nemelex Xobeh
Okawaru
Qazlal
Ru
Sif Muna
Trog
Vehumet
Xom
Yredelemnul
Zin
The Shining One
Beogh
Jiyva
Lugonu

Shops:
D ((=[


Innate Abilities, Weirdness & Mutations

You have a beak for a mouth.
You have claws for feet.
You can fly.


Message History

Casting: Chain Lightning
Confirm with . or Enter, or press ? or * to list all spells.
You feel a surge of power!
You hear a mighty clap of thunder!
The lightning arc hits the white very ugly thing.
You kill the white very ugly thing!
The lightning arc hits you!
* * * LOW HITPOINT WARNING * * *
The lightning arc hits the ice dragon.
The ice dragon is heavily wounded.
The lightning arc hits you!
* * * LOW HITPOINT WARNING * * *
The lightning arc hits the ice dragon.
The ice dragon is severely wounded.
The lightning arc hits you!
* * * LOW HITPOINT WARNING * * *
The lightning arc hits the ice dragon.
The ice dragon is almost dead.
The lightning arc hits you!
You die...

▓▓▓▓▓▓▓▓▓▓▓▓▓▓▓▓▓▓▓▓▓▓▓▓
§§D§§§§@................
▓▓▓▓▓▓▓▓▓▓▓▓▓▓▓▓▓▓▓▓▓▓▓▓▓▓▓▓▓▓▓▓.
.................................
▓▓▓▓▓▓▓▓▓▓▓▓▓▓▓▓▓▓▓▓▓▓▓▓▓▓▓▓▓▓▓▓▓
.......'..)).))..)...............
▓▓▓▓▓▓▓▓▓▓▓▓▓▓▓▓▓▓▓▓▓▓▓▓▓▓▓▓▓▓▓▓.
.................................
▓▓▓▓▓▓▓▓▓▓▓▓▓▓▓▓▓▓▓▓▓▓▓▓▓▓▓▓▓▓▓▓▓
.[[[..[[[.)))))))).....'.........


You could see an ice dragon.

Vanquished Creatures
  A thorn hunter (D)
  A very ugly thing (D)
  A stone giant (D)
  2 ettins (D)
  A rakshasa (D)
  A merfolk avatar (D)
  A hydra (D)
  An alligator (D)
  A merfolk aquamancer (D)
  3 centaur warriors (D)
  3 orc high priests (D)
  A naga sharpshooter (D)
  A death yak (D)
  A skeletal warrior (D)
  An unseen horror (D)
  3 sea snakes (D)
  A swamp dragon (D)
  2 cyclopes (D)
  A naga ritualist (D)
  An orb spider (shapeshifter) (D)
  2 orc sorcerers (D)
  6 orc knights (D)
  An ugly thing (D)
  A gargoyle (D)
  2 spiny frogs (D)
  4 black mambas (D)
  Psyche (D)
  A demonic crawler (D)
  2 yaktaurs (D)
  A komodo dragon (D)
  3 jumping spiders (D)
  2 merfolk (D)
  A wind drake (D)
  A two-headed ogre (D)
  A giant leech (D)
  A blink frog (D)
  A slime creature (D)
  A bog body (D)
  A shadow (D)
  A trapdoor spider (D)
  A redback (D)
  A deep elf mage (D)
  3 tarantellas (D)
  2 hippogriffs (D)
  A hell hound (D)
  A basilisk (D)
  2 wargs (D)
  3 nagas (D)
  An insubstantial wisp (D)
  5 wolves (D)
  A water moccasin (D)
  2 porcupines (D)
  A black bear (D)
  An ice beast (D)
  An ogre (D)
  2 sky beasts (D)
  12 orc warriors (D)
  2 centaurs (D)
  3 wasps (D)
  A phantom (D)
  A crocodile (D)
  A big kobold (D)
  2 giant frogs (D)
  A scorpion (D)
  2 crimson imps (D)
  2 jellies (D)
  A gnoll shaman (D)
  3 orc priests (D)
  4 orc wizards (D)
  2 iguanas (D)
  2 river rats (D)
  9 orcs (D)
  2 hobgoblins (D)
  2 giant newts (D)
  2 goblins (D)
144 creatures vanquished.

Notes
Turn   | Place    | Note
--------------------------------------------------------------
     0 | D        | pipel the Tengu Air Elementalist began the quest for the Orb.
     0 | D        | Reached XP level 1. HP: 10/10 MP: 4/4
   111 | D        | Noticed a gnoll shaman
   111 | D        | Noticed a crimson imp
   111 | D        | Noticed an ogre
   111 | D        | Noticed an orc wizard
   116 | D        | Killed an orc wizard
   116 | D        | Reached skill level 5 in Spellcasting
   116 | D        | Reached XP level 2. HP: 15/15 MP: 4/9
   116 | D        | Reached XP level 3. HP: 19/19 MP: 4/11
   120 | D        | Killed an ogre
   120 | D        | Reached skill level 8 in Spellcasting
   120 | D        | Reached XP level 4. HP: 9/24 MP: 4/15
   120 | D        | Gained mutation: You can fly. [Tengu growth]
   120 | D        | Reached XP level 5. HP: 10/28 MP: 4/17
   122 | D        | HP: 2/42 [gnoll shaman/whip (7)]
   123 | D        | Killed a gnoll shaman
   123 | D        | Reached skill level 9 in Spellcasting
   126 | D        | Killed a crimson imp
   126 | D        | Reached skill level 10 in Spellcasting
   135 | D        | Found a glowing silver altar of Zin.
   135 | D        | Found a glowing golden altar of the Shining One.
   135 | D        | Found an ancient bone altar of Kikubaaqudgha.
   135 | D        | Found a basalt altar of Yredelemnul.
   135 | D        | Found a shimmering altar of Xom.
   135 | D        | Found a radiant altar of Vehumet.
   136 | D        | Found an iron altar of Okawaru.
   137 | D        | Found a burning altar of Makhleb.
   138 | D        | Found a deep blue altar of Sif Muna.
   139 | D        | Found a bloodstained altar of Trog.
   140 | D        | Found a sparkling altar of Nemelex Xobeh.
   141 | D        | Found a white marble altar of Elyvilon.
   142 | D        | Found a roughly hewn altar of Beogh.
   143 | D        | Found a viscous altar of Jiyva.
   144 | D        | Found a corrupted altar of Lugonu.
   145 | D        | Found a blossoming altar of Fedhas.
   146 | D        | Became a worshipper of Sif Muna the Loreminder
   147 | D        | Found a snail-covered altar of Cheibriados.
   148 | D        | Found a shadowy altar of Dithmenos.
   149 | D        | Found a stormy altar of Qazlal.
   150 | D        | Found an opulent altar of Gozag.
   151 | D        | Found a sacrificial altar of Ru.
   186 | D        | Learned a level 2 spell: Repel Missiles
   193 | D        | Learned a level 5 spell: Lightning Bolt
   197 | D        | Learned a level 3 spell: Static Discharge
   200 | D        | Learned a level 2 spell: Swiftness
   404 | D        | Noticed a wasp
   404 | D        | Noticed a big kobold
   404 | D        | Noticed a scorpion
   404 | D        | Noticed a sky beast
   404 | D        | Noticed a phantom
   404 | D        | Noticed a jelly
   406 | D        | Killed a jelly
   414 | D        | Killed a wasp
   414 | D        | Reached XP level 6. HP: 25/41 MP: 12/20
   415 | D        | Killed a sky beast
   415 | D        | Killed a big kobold
   415 | D        | Reached XP level 7. HP: 27/51 MP: 12/21
   417 | D        | Killed a scorpion
   422 | D        | Killed a phantom
   422 | D        | Reached skill level 10 in Fighting
   586 | D        | Noticed a centaur
   586 | D        | Noticed a crimson imp
   586 | D        | Noticed an ice beast
   586 | D        | Noticed a skeletal warrior
   586 | D        | Noticed a deep elf mage
   588 | D        | Killed a crimson imp
   592 | D        | Killed a centaur
   592 | D        | Acquired Sif Muna's first power
   593 | D        | Killed a deep elf mage
   593 | D        | Acquired Sif Muna's second power
   593 | D        | Reached XP level 8. HP: 58/58 MP: 16/23
   593 | D        | Killed an ice beast
   600 | D        | Killed a skeletal warrior
   600 | D        | Acquired Sif Muna's third power
   600 | D        | Reached skill level 11 in Conjurations
   604 | D        | Killed an unseen horror
   604 | D        | Reached skill level 12 in Conjurations
   604 | D        | Reached XP level 9. HP: 30/63 MP: 22/24
   885 | D        | Noticed an iguana
   885 | D        | Noticed a spiny frog
   885 | D        | Noticed a black bear
   885 | D        | Noticed a hippogriff
   888 | D        | Noticed a basilisk
   889 | D        | Noticed a blink frog
   892 | D        | Killed a spiny frog
   892 | D        | Reached skill level 13 in Conjurations
   892 | D        | Killed an iguana
   892 | D        | Killed a basilisk
   892 | D        | Killed a blink frog
   892 | D        | Received a gift from Sif Muna
   893 | D        | Killed a hippogriff
   894 | D        | HP: 2/64 [black bear (2)]
   895 | D        | Killed a black bear
   895 | D        | Reached skill level 14 in Air Magic
   896 | D        | Identified Sif Muna's Almanac of Congealing Damage Dealing (Sif Muna gifted it to you in the Dungeon)
   897 | D        | Noticed a komodo dragon
   919 | D        | Learned a level 6 spell: Freezing Cloud
  1140 | D        | Killed a komodo dragon
  1140 | D        | Reached skill level 1 in Ice Magic
  1209 | D        | Noticed a porcupine
  1209 | D        | Noticed a water moccasin
  1209 | D        | Noticed a crocodile
  1209 | D        | Noticed a porcupine
  1209 | D        | Noticed a giant frog
  1209 | D        | Noticed an iguana
  1210 | D        | Killed a crocodile
  1210 | D        | Killed a water moccasin
  1210 | D        | Reached XP level 10. HP: 71/71 MP: 18/25
  1211 | D        | Killed a porcupine
  1211 | D        | Killed a giant frog
  1211 | D        | Killed a porcupine
  1212 | D        | Noticed an eight-headed hydra
  1213 | D        | Killed an iguana
  1213 | D        | Killed an eight-headed hydra
  1213 | D        | Received a gift from Sif Muna
  1213 | D        | Reached skill level 15 in Air Magic
  1214 | D        | Identified Sif Muna's Guide on Attacks and the Arsonist (Sif Muna gifted it to you in the Dungeon)
  1218 | D        | Noticed a death yak
  1221 | D        | Learned a level 4 spell: Sticky Flame
  1225 | D        | Noticed a giant frog
  1228 | D        | Killed a death yak
  1228 | D        | Reached skill level 15 in Conjurations
  1233 | D        | Killed a giant frog
  1263 | D        | Noticed a hell hound
  1263 | D        | Noticed a wolf
  1263 | D        | Noticed a wolf
  1264 | D        | Noticed a wolf
  1265 | D        | Killed a wolf
  1265 | D        | Killed a wolf
  1265 | D        | Reached skill level 5 in Ice Magic
  1265 | D        | Killed a wolf
  1266 | D        | Killed a wolf
  1266 | D        | Killed a hell hound
  1292 | D        | Noticed a warg
  1295 | D        | Killed a warg
  1296 | D        | Noticed a wolf
  1298 | D        | Noticed a warg
  1299 | D        | Killed a wolf
  1301 | D        | Killed a warg
  1301 | D        | Received a gift from Sif Muna
  1302 | D        | Identified Sif Muna's Reference Book on Air and Arcane Weapons (Sif Muna gifted it to you in the Dungeon)
  1400 | D        | Noticed Psyche
  1403 | D        | Killed Psyche
  1478 | D        | Noticed an orc warrior
  1478 | D        | Noticed an orc warrior
  1478 | D        | Noticed an orc warrior
  1478 | D        | Noticed an orc wizard
  1478 | D        | Noticed an orc warrior
  1480 | D        | Killed an orc wizard
  1481 | D        | Killed an orc priest
  1482 | D        | Killed an orc warrior
  1483 | D        | Killed an orc warrior
  1483 | D        | Reached skill level 16 in Air Magic
  1483 | D        | Killed an orc warrior
  1483 | D        | Reached XP level 11. HP: 28/78 MP: 8/26
  1483 | D        | Killed an orc warrior
  1510 | D        | Noticed an orc priest
  1512 | D        | Killed an orc priest
  1515 | D        | Killed an orc warrior
  1712 | D        | Noticed an orc warrior
  1712 | D        | Noticed an orc wizard
  1712 | D        | Noticed an orc warrior
  1712 | D        | Noticed an orc warrior
  1712 | D        | Noticed an orc warrior
  1712 | D        | Noticed an orc wizard
  1714 | D        | Killed an orc warrior
  1714 | D        | Killed an orc wizard
  1714 | D        | Killed an orc wizard
  1715 | D        | Noticed an orc knight
  1715 | D        | Killed an orc warrior
  1716 | D        | Killed an orc priest
  1718 | D        | Killed an orc warrior
  1720 | D        | Killed an orc knight
  1721 | D        | Killed an orc warrior
  1723 | D        | Noticed an orc knight
  1803 | D        | Killed an orc knight
  1803 | D        | Received a gift from Sif Muna
  1804 | D        | Identified Sif Muna's Volume of the Excruciating Birds (Sif Muna gifted it to you in the Dungeon)
  1897 | D        | Noticed an orc warrior
  1898 | D        | Noticed an orc warrior
  1899 | D        | Killed an orc warrior
  1900 | D        | Killed an orc warrior
  1902 | D        | Killed an orc warrior
  1984 | D        | Found Rokiny's Antique Armour Boutique.
  1984 | D        | Noticed an orc high priest
  1984 | D        | Noticed an orc knight
  1984 | D        | Noticed an orc high priest
  1987 | D        | Killed an orc high priest
  1989 | D        | Killed an orc high priest
  1989 | D        | Reached skill level 17 in Air Magic
  1992 | D        | Killed an orc knight
  1996 | D        | Noticed an orc knight
  2003 | D        | Killed an orc knight
  2003 | D        | Received a gift from Sif Muna
  2004 | D        | Identified Sif Muna's Collected Works on the Damaging Frostbite (Sif Muna gifted it to you in the Dungeon)
  2009 | D        | Noticed an orc sorcerer
  2018 | D        | Noticed an orc knight
  2018 | D        | Noticed a sun demon
  2018 | D        | Killed an orc sorcerer
  2029 | D        | Killed an orc knight
  2272 | D        | Noticed an orc sorcerer
  2276 | D        | Killed an orc sorcerer
  2300 | D        | Noticed an orc high priest
  2301 | D        | Killed an orc high priest
  2303 | D        | Noticed an orc knight
  2310 | D        | Killed an orc knight
  2341 | D        | Found Cajem's Jewellery Shop.
  2345 | D        | Found Pubiuto's Weapon Boutique.
  2347 | D        | Found Loudgh's Antique Weapon Shop.
  2357 | D        | Bought a faintly glowing quarterstaff for 234 gold pieces
  2357 | D        | Identified the +9 quarterstaff "Ocaprof" {flame, rF+ MR+ MP+9 Stlth-} (You bought it in a shop in the Dungeon)
  2364 | D        | Bought an embroidered hat for 100 gold pieces
  2364 | D        | Bought a dyed leather armour for 50 gold pieces
  2437 | D        | Learned a level 8 spell: Chain Lightning
  2573 | D        | Noticed a centaur
  2573 | D        | Noticed a cyclops
  2573 | D        | Noticed a shadow
  2573 | D        | Noticed a jelly
  2573 | D        | Noticed a two-headed ogre
  2573 | D        | Noticed a gargoyle
  2575 | D        | Killed a jelly
  2575 | D        | Killed a sky beast
  2576 | D        | Killed a centaur
  2576 | D        | Reached skill level 18 in Air Magic
  2576 | D        | Killed a two-headed ogre
  2576 | D        | Reached XP level 12. HP: 73/86 MP: 29/29
  2577 | D        | Killed a gargoyle
  2577 | D        | Received a gift from Sif Muna
  2578 | D        | Identified Sif Muna's Collected Works on Enthralling Creation (Sif Muna gifted it to you in the Dungeon)
  2579 | D        | Killed a cyclops
  2581 | D        | Killed a shadow
  2596 | D        | Noticed a hippogriff
  2602 | D        | Noticed a slime creature
  2605 | D        | Killed a hippogriff
  2605 | D        | Reached skill level 15 in Fighting
  2609 | D        | Noticed a yaktaur
  2610 | D        | Killed a slime creature
  2610 | D        | Killed a yaktaur
  2611 | D        | Noticed a centaur warrior
  2611 | D        | Killed a centaur warrior
  2616 | D        | Noticed an ettin
  2621 | D        | Killed an ettin
  2621 | D        | Reached skill level 5 in Dodging
  2621 | D        | Killed an orb spider
  2641 | D        | Noticed a centaur warrior
  2648 | D        | Killed a centaur warrior
  2651 | D        | Noticed a rakshasa
  2810 | D        | Killed a rakshasa
  2810 | D        | Received a gift from Sif Muna
  2811 | D        | Identified Sif Muna's Almanac of Conjuration (Sif Muna gifted it to you in the Dungeon)
  2817 | D        | Learned a level 4 spell: Iskenderun's Mystic Blast
  3126 | D        | Noticed a naga
  3126 | D        | Noticed a black mamba
  3126 | D        | Noticed a black mamba
  3126 | D        | Noticed a black mamba
  3126 | D        | Noticed a black mamba
  3126 | D        | Noticed a naga ritualist
  3129 | D        | Killed a naga ritualist
  3129 | D        | Killed a black mamba
  3129 | D        | Reached skill level 19 in Conjurations
  3129 | D        | Killed a black mamba
  3129 | D        | Killed a black mamba
  3129 | D        | Killed a black mamba
  3131 | D        | Killed a naga
  3131 | D        | Killed a naga
  3138 | D        | Killed a naga sharpshooter
  3174 | D        | Noticed a naga
  3178 | D        | Killed a naga
  3281 | D        | Noticed a jumping spider
  3281 | D        | Noticed a tarantella
  3281 | D        | Noticed a redback
  3281 | D        | Noticed a tarantella
  3281 | D        | Noticed a demonic crawler
  3281 | D        | Noticed a jumping spider
  3282 | D        | Killed a jumping spider
  3282 | D        | Killed a tarantella
  3282 | D        | Noticed a jumping spider
  3283 | D        | Killed a jumping spider
  3283 | D        | Killed a redback
  3284 | D        | Noticed a trapdoor spider
  3284 | D        | Killed a jumping spider
  3285 | D        | Killed a demonic crawler
  3285 | D        | Killed a tarantella
  3286 | D        | Noticed a tarantella
  3288 | D        | Killed a tarantella
  3289 | D        | Killed a trapdoor spider
  3592 | D        | Bought an uncursed amulet of the gourmand for 300 gold pieces
  3592 | D        | Bought the brooch of Shielding {Ward rN+ AC+4 EV+4} for 556 gold pieces
  3592 | D        | Bought an uncursed amulet of regeneration for 300 gold pieces
  3850 | D        | Noticed a wasp
  3850 | D        | Noticed a thorn hunter
  3850 | D        | Noticed a wasp
  3850 | D        | Noticed a giant leech
  3850 | D        | Noticed a swamp dragon
  3850 | D        | Noticed a spiny frog
  3853 | D        | Killed a spiny frog
  3853 | D        | Killed a wasp
  3853 | D        | Reached XP level 13. HP: 69/93 MP: 25/31
  3853 | D        | Killed a giant leech
  3854 | D        | Killed a swamp dragon
  3854 | D        | Received a gift from Sif Muna
  3854 | D        | Killed a wasp
  3855 | D        | Identified Sif Muna's Reference Book on Glacial Conjuration (Sif Muna gifted it to you in the Dungeon)
  3856 | D        | Noticed a bog body
  3856 | D        | Killed a thorn hunter
  3857 | D        | Killed a bog body
  3858 | D        | Noticed an insubstantial wisp
  3859 | D        | Noticed an alligator
  3861 | D        | Killed an insubstantial wisp
  3862 | D        | Killed an alligator
  3862 | D        | Reached skill level 20 in Air Magic
  3973 | D        | Noticed a sea snake
  3973 | D        | Noticed a sea snake
  3973 | D        | Noticed a merfolk
  3973 | D        | Noticed a cyclops
  3973 | D        | Noticed a merfolk avatar
  3973 | D        | Noticed a wind drake
  3975 | D        | Killed a wind drake
  3975 | D        | Killed a sea snake
  3975 | D        | Killed a sea snake
  3975 | D        | Killed a merfolk
  3976 | D        | Killed a merfolk avatar
  3976 | D        | Reached skill level 10 in Dodging
  3976 | D        | Killed a cyclops
  3976 | D        | Killed a sea snake
  3976 | D        | Received a gift from Sif Muna
  3980 | D        | Noticed a merfolk aquamancer
  3981 | D        | Killed a merfolk aquamancer
  3982 | D        | Noticed a merfolk
  3983 | D        | Killed a merfolk
  4030 | D        | Identified Sif Muna's Collected Works on Frigorific Attacks (Sif Muna gifted it to you in the Dungeon)
  4264 | D        | Noticed an ice dragon
  4264 | D        | Noticed a cyan ugly thing
  4264 | D        | Noticed a stone giant
  4264 | D        | Noticed a centaur warrior
  4264 | D        | Noticed a yaktaur
  4264 | D        | Noticed an ettin
  4265 | D        | Noticed a white very ugly thing
  4266 | D        | Killed a yaktaur
  4266 | D        | Killed an ettin
  4266 | D        | Killed a centaur warrior
  4267 | D        | Killed a stone giant
  4269 | D        | Killed a cyan ugly thing
  4272 | D        | Killed a white very ugly thing
  4272 | D        | HP: 3/96 [chain lightning (2)]
  4272 | D        | Killed by chain lightning

Vault maps used:
D:        linesprint

Action                   |  1- 3 |  4- 6 |  7- 9 | 10-12 | 13-15 || total
-------------------------+-------+-------+-------+-------+-------++-------
Melee: Club              |     6 |     6 |       |       |       ||    12
       Unarmed           |     1 |       |       |       |       ||     1
Throw: Throwing net      |       |       |       |     1 |       ||     1
 Cast: Shock             |     5 |     8 |    21 |    21 |       ||    55
       Repel Missiles    |       |     1 |       |       |       ||     1
       Static Discharge  |       |       |     7 |     8 |       ||    15
       Lightning Bolt    |       |       |     3 |    24 |       ||    27
       Freezing Cloud    |       |       |     2 |    17 |     2 ||    21
       Chain Lightning   |       |       |       |    11 |     5 ||    16
       Iskenderun's Myst |       |       |       |       |     1 ||     1
Invok: Channel Energy    |       |       |     1 |    76 |     2 ||    79
Evoke: Wand              |       |     2 |     2 |       |       ||     4
       Staff of energy   |       |     1 |     2 |       |       ||     3
  Use: Potion            |     1 |       |     2 |       |       ||     3
       Scroll            |       |       |       |     2 |       ||     2
  Eat: Chunk             |       |       |     1 |     4 |     1 ||     6
       Bread ration      |       |       |     1 |     3 |     1 ||     5
       Meat ration       |       |       |       |     1 |       ||     1
       Fruit             |       |       |       |     1 |       ||     1
